[Event "Rapid Shavuot-A 2023"]
[Site "Ramat Gan"]
[Date "2023.05.25"]
[Round "4.8"]
[White "Levitan, Tal"]
[Black "Kinberg, Ofer"]
[Result "1-0"]
[ECO "C49"]
[WhiteElo "2328"]
[BlackElo "1918"]
[Annotator "TA"]
[PlyCount "69"]
[EventDate "2023.05.19"]
[EventType "swiss"]
[EventCountry "ISR"]
[SourceTitle "playchess.com"]
[Source "ChessBase"]
[SourceQuality "1"]
[TimeControl "900+5"]

1. e4 e5 2. Nf3 Nc6 3. Nc3 Nf6 4. Bb5 Bb4 5. O-O Bxc3 6. bxc3 d6 7. Re1 O-O 8. d4 Bd7 9. Bg5 {[%emt 0:02:29] C49: Four Knights: 4 Bb5 Bb4.} Qe7 10. d5 Nb8 {[%emt 0:00:42][%cal Bc6b8,Bb8d7,Bd7c5,Bc5d3][%mdl 32] [#]} 11. Rb1 $146 {[%emt 0:00:52] The position is equal.} ({Predecessor:} 11. Bxd7 Nbxd7 12. c4 Qe8 13. Qd2 Nh5 14. h3 h6 15. Be3 Kh7 16. Nh4 Nhf6 17. f3 {½-½ Andrade Mederos,N-Berenguer Gonzalez,A CUB-ch Seniors corr0204 2004}) 11... Bc8 12. Bd3 Nbd7 13. Nh4 Nc5 14. Qf3 h6 15. Be3 (15. Bxf6 $11 Qxf6 16. Qxf6 gxf6 17. Nf3) 15... Nfxe4 $17 {[%emt 0:00:29][%mdl 64] Discovered Attack. A dynamic duo of knights.} 16. Nf5 (16. Bxe4 $15 Qxh4 17. Bxc5) 16... Bxf5 17. Qxf5 {[%emt 0:00:01] [#] Bxc5 would be deadly.} Nxd3 (17... Nxc3 $2 18. Qh7#) 18. cxd3 Nxc3 19. Rxb7 Nxd5 ({Inferior is} 19... Nxa2 20. Qg4 a5 21. Bxh6 $15) 20. Bxa7 Nf6 {[%emt 0:00:55] Inhibits Qe4.} (20... Qe6 $142 21. Qxe6 fxe6) 21. Rc1 Ne8 22. h3 (22. g3 $15) 22... Qe6 23. Qxe6 fxe6 24. a4 (24. Rc3 $17) 24... Rf4 $19 25. Ra1 (25. a5 $17) 25... Kf7 $2 ({Black should play} 25... c5 $19 {...Rf7 is the strong threat.} 26. a5 Rf7 27. Rxf7 Kxf7) 26. a5 $11 {[%emt 0:00:04][%cal Ba4a5,Ba5a6,Ba6a7][%mdl 1056] Strongly threatening Be3. White has compensation.} Ke7 27. a6 $36 {[%emt 0:00:32][%mdl 2048] And now Be3 would win. White has good play.} Rf8 (27... Rf7 $1 $11 {keeps the balance.}) 28. Bb8 {[%emt 0:00:28] White is more active.} ({Only move:} 28. Be3 $16) 28... Kd7 29. a7 Kc6 30. Rb4 {[%emt 0:00:11] Hoping for Rc1+.} Nf6 $2 ({Better is} 30... Kd7 $14) 31. Rc1+ Kd7 (31... Kd5 $18 32. Bxc7 Rfc8 33. Rb5+ Kd4) 32. Rxc7+ {[%emt 0:00:04] White mates.} ({Less strong is} 32. Bxc7 Rxa7 33. Bb8 Rc8 34. Rxc8 Ra1+ 35. Kh2 Kxc8 36. Bxd6 Nd7 $16) 32... Kd8 33. Rxg7 {[%emt 0:00:06][%mdl 64] Discovered Attack} Nd5 {[%emt 0:00:04] [#]} 34. Bc7+ $1 {[%emt 0:00:15][%mdl 576] Back Rank, Clearance, Promotion} Nxc7 (34... Ke8 35. Rb8+) 35. Rb8+ {[%emt 0:00:01][%mdl 64] Back Rank. White used his chance.   Weighted Error Value: White=0.26 (precise) /Black=0.62} 1-0

[Event "Rapid Shavuot-A 2023"]
[Site "Ramat Gan"]
[Date "2023.05.25"]
[Round "4.9"]
[White "Rozen, Eytan"]
[Black "Mindlin, Alon"]
[Result "0-1"]
[ECO "A01"]
[WhiteElo "2417"]
[BlackElo "2435"]
[Annotator "TA"]
[PlyCount "108"]
[EventDate "2023.05.19"]
[EventType "swiss"]
[EventCountry "ISR"]
[SourceTitle "playchess.com"]
[Source "ChessBase"]
[SourceQuality "1"]
[TimeControl "900+5"]

1. c4 e5 2. b3 Nf6 3. Bb2 Nc6 4. e3 g6 5. Nf3 d6 6. d4 {[%emt 0:00:07] A01: Nimzowitsch-Larsen Opening.} Bg7 7. d5 Ne7 8. Nbd2 {[%emt 0:00:04] White is slightly better.} O-O 9. Be2 {[%emt 0:01:09] [#]} c6 $146 ({Predecessor:} 9... Nd7 10. g4 Nc5 11. Rg1 a5 12. Ba3 f5 13. g5 e4 14. Nd4 f4 15. Qc2 fxe3 16. fxe3 {0-1 Hermann,M-Rostalski,W (2270) Oberliga Nord N 9495 1994}) 10. dxc6 Nxc6 11. O-O Re8 12. Rc1 Bf5 13. Nh4 Be6 14. Nhf3 h6 15. e4 Nd7 16. Ne1 Nc5 17. Nc2 a5 18. Bc3 Qh4 19. Ne3 Nd4 20. Nd5 Bxd5 ({Much worse is} 20... Nxe4 21. Nxe4 Qxe4 22. Bd3 $11) 21. exd5 f5 {[%emt 0:00:03] Black is much more active.} (21... e4 $17 {Hoping for ...e3.} 22. Nb1 Be5) 22. Nf3 Nxf3+ 23. Bxf3 e4 24. Bxg7 exf3 (24... Kxg7 $15 25. Be2 Qf6) 25. Bc3 fxg2 26. Kxg2 Re4 (26... Ne4 {simplifies} 27. Rc2 Nxc3 28. Rxc3 Qe4+) 27. f3 Re3 $40 {[%emt 0:00:00][%mdl 128] ...Nd3 is the strong threat. Black has some attack.} 28. Qd2 {[%emt 0:00:18][%csl LRa5,LRe3] Inhibits Nd3.} Rae8 29. Rce1 {[%emt 0:00:02] Repels Re2+} Qf4 30. Rxe3 Rxe3 31. Bd4 {[%emt 0:00:07] Repels Ne4} (31. Qd4 $11 Qxd4 32. Bxd4) 31... Qg5+ $17 32. Kh1 {[%emt 0:00:03] [#]} Rxf3 {[%emt 0:00:12][%mdl 576] Discovered Attack} 33. Qxg5 Rxf1+ 34. Kg2 {[%emt 0:00:06] White wants to mate with Qe7.} hxg5 35. Kxf1 {[%emt 0:00:01][%mdl 4096] Endgame KB-KN} b6 (35... g4 $1 $17 {Black wants to play ...f4.} 36. Ke2 Kf7) 36. Bf6 $11 a4 37. Bxg5 axb3 38. axb3 Nxb3 {[%emt 0:00:02] ...Na5 would be deadly.} 39. Bf4 $2 {[%emt 0:00:08][%mdl 8192] This move loses the game for White.} (39. Ke2 $1 $11 {and White has nothing to worry.}) 39... Na5 $19 40. Bxd6 (40. Ke2 {might work better.} Nxc4 41. h4) 40... Nxc4 41. Bf4 {[%emt 0:00:05] [#]} b5 $1 42. Ke2 Nb6 43. d6 Kf7 44. Kd3 Ke6 (44... Nd5 $142 45. Be5 Ke6) 45. Kd4 Nd7 {[%emt 0:00:25] Strongly threatening ...Nf6.} 46. h4 $2 {[%emt 0:00:08] [#]} (46. Bg3) 46... b4 $1 {[%emt 0:00:25] aiming for ...b3.} 47. Kc4 Nb6+ 48. Kd4 b3 {[%emt 0:00:05] ( -> ...b2)} 49. Bc1 Na4 {[%emt 0:00:01] Black mates.} 50. d7 Kxd7 51. Ke5 Ke7 ({Weaker is} 51... b2 52. Bxb2 Nxb2 53. h5 Nc4+ 54. Kf6 $17) 52. h5 Kf7 ({Inferior is} 52... b2 53. Bxb2 Nxb2 54. hxg6 $11) 53. Kf4 Kf6 54. Kg3 gxh5 {[%emt 0:00:05] Excellently played by Mindlin!   Weighted Error Value: White=0.58/Black=0.12 (very precise)} 0-1

[Event "Rapid Shavuot-A 2023"]
[Site "Ramat Gan"]
[Date "2023.05.25"]
[Round "4.10"]
[White "Katz, Kiril"]
[Black "Ehrlich, Roy"]
[Result "0-1"]
[ECO "C07"]
[WhiteElo "2016"]
[BlackElo "2228"]
[Annotator "TA"]
[PlyCount "146"]
[EventDate "2023.05.19"]
[EventType "swiss"]
[EventCountry "ISR"]
[SourceTitle "playchess.com"]
[Source "ChessBase"]
[SourceQuality "1"]
[TimeControl "900+5"]

1. e4 e6 2. d4 d5 3. Nd2 c5 4. c3 cxd4 5. cxd4 dxe4 6. Nxe4 Nf6 {[%emt 0:00:03] C07: French Tarrasch: 3...c5, 4 Ngf3 and 4 exd5 Qxd5.} 7. Nxf6+ Qxf6 8. Bb5+ Nc6 {[%emt 0:00:08] Black is slightly better.} 9. Nf3 Bb4+ 10. Bd2 Bxd2+ 11. Qxd2 Bd7 12. O-O Rd8 {[%emt 0:00:31][%cal Oc6d4,Ba8d8,Bd8d7,Bd7d5,Bd5e5][%mdl 32] [#]} 13. Qe3 $146 (13. d5 $5 Ne5 14. Bxd7+ Rxd7 15. Nxe5 Qxe5 16. Qb4 $11) ({Predecessor:} 13. Rad1 O-O 14. Qe3 Nb4 15. Bc4 Bc6 16. Ne5 Bd5 17. Qb3 Bxc4 18. Qxc4 Nd5 19. Qa4 {½-½ Eisele,S (2195)-Rempeli,A (2058) Oberliga Wuerttemberg 1920 2019 (2.8)}) 13... a6 14. Ba4 {[%emt 0:00:03] [#]} (14. Bd3 $11 {remains equal.}) 14... Nxd4 $1 $17 {[%emt 0:01:07][%mdl 64] Discovered Attack} 15. Bxd7+ Rxd7 16. Ne5 Rd5 17. Rad1 Qxe5 ({Resist} 17... Nf5 18. Qa7 Rxd1 19. Rxd1 $14) 18. Qxe5 Nf3+ 19. gxf3 Rxe5 {[%emt 0:03:00][%mdl 4096] Endgame KRR-KRR} 20. Rd6 Rg5+ 21. Kh1 Ke7 22. Rfd1 Rb5 23. Rd7+ Kf6 24. R1d4 g5 {[%emt 0:00:36] Dodges Rf4+} ({Worse is} 24... Rxb2 25. Rf4+ Kg6 26. Rg4+ Kh6 27. Rh4+ Kg6 28. Rg4+ Kh6 29. Rh4+ Kg6 30. Rg4+ $17) 25. b4 Rc8 26. a4 Rb6 ({Better is} 26... Re5 {...Re2 would be deadly.} 27. h4 h6) 27. b5 axb5 $19 {[%emt 0:00:26] Hoping for ...b4.} 28. a5 Ra6 29. Rxb7 Rxa5 30. Rdd7 Rf8 31. Kg2 h5 32. h3 Kg6 33. Re7 h4 34. Kg1 Ra3 35. Rxb5 $2 (35. Kg2) 35... Rxf3 36. Kg2 Rf4 37. Rc7 Rd8 {[%emt 0:00:04] Threatens to win with ...Rd2.} 38. Rcc5 f6 39. Rc2 {[%emt 0:00:15] Dodges Rd2} Rd5 40. Rb8 Kf5 41. Rh8 Rd3 42. Rh6 Rfd4 43. Rc5+ Rd5 44. Rc8 Rd6 45. Rf8 e5 46. Rf7 R3d4 {[%emt 0:00:03] And now ...Rf4 would win.} 47. Rf8 Rf4 48. Rf7 Ke4 49. Ra7 Rd2 50. Ra4+ Rd4 $2 (50... Kf5 $19 {has better winning chances.} 51. Rxf4+ gxf4 52. Rh5+ Ke4) 51. Ra6 $17 f5 $1 (51... Rd2 52. Ra4+ Kf5 53. Rxf4+ gxf4 54. Rh5+ Ke4 55. Rh6 $19) 52. Ra5 {[%emt 0:00:10] [#]} (52. Rh5 $17) 52... Rd5 $1 $19 53. Ra3 (53. Ra4+ Rd4 54. Ra2) 53... Rd2 54. Ra4+ Kd3 55. Rxf4 (55. Rd6+ Ke2 56. Rxd2+ Kxd2 57. Ra7) 55... exf4 $2 {[%emt 0:00:01] KR-KR} (55... gxf4 $19 56. Rf6 e4 57. Rxf5 e3) 56. Kf3 {[%emt 0:00:15] [#]} (56. Rf6 $17) 56... Kc2 $1 57. Rf6 Rd3+ 58. Kg2 f3+ 59. Kh2 Rd5 {[%emt 0:00:07] ( -> ...Kd1)} 60. Re6 Kd1 (60... Rd2 $142 61. Kg1 Rd1+ 62. Kh2 g4 63. Rc6+ Kd3 64. hxg4 fxg4 65. Rf6 Ke2 66. Rf4 Kxf2 67. Rxg4 Ke3 68. Rg7 f2 69. Re7+ Kd2 70. Rd7+ Kc2 71. Rc7+ Kb3 72. Rb7+ Kc4 73. Rc7+ Kb5 74. Rb7+ Kc6 75. Rg7 f1=Q 76. Rc7+ Kd5 77. Rd7+ Ke4 78. Re7+ Kf3 79. Rf7+ Ke2 80. Re7+ Kf2 81. Rf7+ Ke1 82. Re7+ Qe2+ 83. Kh3 Qxe7 84. Kg4 Kd2 85. Kf3 Rg1 86. Kf4 Qe6 87. Kf3 Qf5#) 61. Re3 f4 62. Rxf3 Ke2 63. Kg2 Rf5 $2 (63... Rd3 {mates} 64. Rxd3 Kxd3 65. Kf3 Kd2 66. Kg4 Ke2 67. f3 Kf2 68. Kxg5 Kxf3 69. Kxh4 Ke3 70. Kh5 f3 71. Kg6 f2 72. Kf5 f1=Q+ 73. Ke6 Kd4 74. h4 Qf3 75. h5 Qxh5 76. Ke7 Kd5 77. Kf6 Kd6 78. Kg7 Ke7 79. Kg8 Kf6 80. Kf8 Qh8#) 64. Ra3 $11 f3+ 65. Kg1 Re5 66. Rb3 Re4 {[%emt 0:00:02] Strongly threatening ...g4.} 67. Rb2+ Ke1 68. Rb1+ Kd2 69. Rb3 (69. Rb2+ $11 Kc3 70. Ra2) 69... g4 $17 70. hxg4 Rxg4+ 71. Kf1 $2 (71. Kh2 $19) 71... h3 {[%emt 0:00:08][%cal Bh4h3,Bh3h2][%mdl 32] Black mates.} 72. Rb1 h2 73. Rd1+ Kc3 {[%emt 0:00:01] Weighted Error Value: White=0.38/Black=0.14 (very precise)} 0-1

[Event "Rapid Shavuot-A 2023"]
[Site "Ramat Gan"]
[Date "2023.05.25"]
[Round "4.11"]
[White "Adar, Idan"]
[Black "Parkhov, Yair"]
[Result "0-1"]
[ECO "C46"]
[WhiteElo "2085"]
[BlackElo "2505"]
[Annotator "TA"]
[PlyCount "56"]
[EventDate "2023.05.19"]
[EventType "swiss"]
[EventCountry "ISR"]
[SourceTitle "playchess.com"]
[Source "ChessBase"]
[SourceQuality "1"]
[TimeControl "900+5"]

1. d4 g6 2. e4 Bg7 3. Be3 d6 4. Qd2 Nf6 5. f3 O-O 6. Nc3 e5 7. Nge2 Nc6 8. O-O-O exd4 9. Nxd4 d5 {[%emt 0:00:05] C46: 3 Nc3: Unusual Black 3rd moves.} 10. Nxc6 bxc6 11. h4 {[%emt 0:00:30] [#]} (11. Bc4 $5 ) 11... Be6 $146 {[%emt 0:00:24] White is slightly better.} ({Predecessor:} 11... h5 12. Bh6 Be6 13. e5 Ne8 14. Bd3 Bxe5 15. g4 hxg4 16. Bxf8 Kxf8 17. h5 Qd6 {0-1 Turkova,K (1701)-Schnegg,M (2061) EU Union-ch U14 2008 (1)}) 12. e5 (12. exd5 $14 cxd5 13. Bd4) 12... Nd7 $11 13. f4 f6 14. exf6 (14. h5 {feels hotter.} fxe5 15. fxe5 gxh5 16. Bh6) 14... Qxf6 (14... Nxf6 $15 15. Bc5 Re8) 15. Bd4 (15. g3 $1 $11 {remains equal.}) 15... Qxf4 $17 16. Bxg7 Qxd2+ (16... Kxg7 {with more complications.} 17. Be2 Rae8 18. h5 a5) 17. Rxd2 Kxg7 18. Be2 Rae8 19. h5 Nf6 20. h6+ Kg8 21. Bf3 Bg4 22. Bxg4 Nxg4 23. Rd4 Ne3 24. Ra4 Rf2 {[%emt 0:00:42] Black is more active.} 25. Rxa7 ({White should try} 25. Re1 $1 $15) 25... d4 $36 {[%emt 0:00:09][%mdl 2048] Black is really pushing.} ({Weaker is} 25... Nxg2 26. Rxc7 Ne3 27. Nd1 Rxc2+ 28. Kb1 $14) 26. Na4 (26. Nd1 {was the crucial defense.} Rxc2+ 27. Kb1) 26... Nf1 ({Worse is} 26... Nxg2 27. Rxc7 Ne3 28. Kb1 $11 (28. Rxc6 Nf1 $17)) 27. b3 d3 (27... Re1+ $142 28. Kb2 d3 29. Rxf1 Rexf1 30. Rxc7 dxc2 31. Rc8+ Kf7 32. Rc7+ Ke8 33. Rc8+ Ke7 34. Rc7+ Kd8 35. Rd7+ Kxd7 36. Kc3 c1=Q+ {[%mdl 64] Discovered Attack, Double Attack} 37. Kb4 Rxa2 38. Nc5+ Kc7 39. Ne6+ Kd6 40. g4 Qd2+ 41. Kc4 Rc2#) 28. Kb2 {[%emt 0:01:02] [#]} (28. Rxf1 $19 Rxf1+ 29. Kd2 dxc2 30. Kxc2) 28... dxc2 {[%emt 0:00:08] Black took control after the opening.   Weighted Error Value: White=0.94/Black=0.36} (28... Re1 $142 29. Ra8+ Kf7 30. Kc3 dxc2 31. Kb4 c1=Q 32. Ka5 Re5+ 33. Ka6 Qd2 34. Rh5 Qa5+ 35. Kb7 Qb4+ 36. Ka7 Rxh5 37. Rf8+ Kxf8 38. Nc5 Rxc5 39. Ka8 Rxa2#) 0-1

[Event "Rapid Shavuot-A 2023"]
[Site "Ramat Gan"]
[Date "2023.05.25"]
[Round "4.12"]
[White "Dvoirys, Semen I."]
[Black "Kereth, Oren"]
[Result "1-0"]
[ECO "C82"]
[WhiteElo "2470"]
[BlackElo "2080"]
[Annotator "TA"]
[PlyCount "33"]
[EventDate "2023.05.19"]
[EventType "swiss"]
[EventCountry "ISR"]
[SourceTitle "playchess.com"]
[Source "ChessBase"]
[SourceQuality "1"]
[TimeControl "900+5"]

1. e4 e5 2. Nf3 Nc6 3. Bb5 a6 4. Ba4 Nf6 5. O-O Nxe4 6. d4 b5 7. Bb3 d5 8. dxe5 Be6 9. c3 Bc5 10. Qd3 O-O 11. Be3 Bxe3 12. Qxe3 Qe7 {[%emt 0:00:16] C82: Open Ruy Lopez: 9 c3 without 9...Be7.} 13. Nbd2 Nc5 (13... Qc5 $11) 14. Nd4 $16 Na5 (14... Nxd4 $16 15. cxd4 Na4) 15. Bc2 {[%emt 0:00:06] [#] Strongly threatening f4.} Nc4 $2 {[%emt 0:00:28] Dodges f4} (15... Na4 {is more resistant.}) 16. Nxc4 $18 {[%emt 0:00:02] [#]} bxc4 $146 ({Predecessor:} 16... dxc4 17. Nc6 Qd7 18. Qxc5 Qd2 19. Nd4 {1-0 Kagan,B-Malthan,F DSB Kongress-13 Hauptturnier A 1902 (17)}) 17. Nc6 {[%emt 0:00:02][%mdl 64] Deflection. White took control after the opening.   Weighted Error Value: White=0.02 (flawless) /Black=1.25} 1-0

[Event "Rapid Shavuot-A 2023"]
[Site "Ramat Gan"]
[Date "2023.05.25"]
[Round "4.14"]
[White "Noy, Eyal"]
[Black "Zakin, Ilay"]
[Result "1-0"]
[ECO "A59"]
[WhiteElo "2141"]
[BlackElo "1724"]
[Annotator "TA"]
[PlyCount "89"]
[EventDate "2023.05.19"]
[EventType "swiss"]
[EventCountry "ISR"]
[SourceTitle "playchess.com"]
[Source "ChessBase"]
[SourceQuality "1"]
[TimeControl "900+5"]

1. d4 Nf6 2. c4 c5 3. d5 b5 4. cxb5 a6 5. Nc3 axb5 6. Nxb5 Ba6 7. Nc3 g6 8. e4 Bxf1 9. Kxf1 d6 10. g3 Bg7 11. Kg2 O-O 12. Nge2 {[%emt 0:00:10] 12.a4 is the modern continuation.} Nbd7 13. Qc2 Qa5 {[%emt 0:00:10] A59: Benko/Volga Gambit: White castles by hand.} 14. b3 ({Better is} 14. Rd1 $16) 14... Nxe4 $11 {[%emt 0:01:56][%mdl 64] [#] Deflection} 15. Qxe4 {[%emt 0:00:02][%cal Oc1b2] Strongly threatening Bb2!} Bxc3 {[%emt 0:00:02] The position is equal.} 16. Nxc3 Qxc3 17. Bg5 Rfe8 {[%emt 0:00:32] [#]} 18. Bxe7 $146 ({Predecessor:} 18. Rhe1 Nf6 19. Bxf6 Qxf6 20. a4 Ra7 21. Rac1 Rb8 22. Re3 Qb2 23. Rcc3 Rb4 24. Qf3 Rd4 25. Re2 {½-½ Ziemann,J (1986)-Krawczyk,A (2161) Gdansk op 2008 (7)}) 18... Nf6 19. Bxf6 Qxf6 20. Qc2 Qe5 21. Rad1 Qe2 22. Rd2 Qe5 23. h4 h5 24. Rhd1 Rab8 25. Rd3 Qe4+ 26. Kh2 Qf5 27. Kg1 Re5 28. R1d2 (28. R3d2 {simplifies} Qxc2 29. Rxc2 Kg7 30. Kf1) 28... Rbe8 29. Kg2 {[%emt 0:01:40] Prevents Qh3+} Re1 {[%emt 0:00:16][%cal Oe1h1] ...Rh1! would be deadly.} 30. Rf3 Qg4 {[%emt 0:00:18][%cal Oe1h1] White must now prevent ...Rh1!} 31. Rf4 (31. Rd1 {feels hotter.} R1e2 32. Qb1 R8e3 33. Rxe3 Rxe3 34. Rd2) 31... Qd7 32. Rd1 R1e2 33. Qb1 Qe7 (33... Qb7 $11) 34. Qa1 Ra8 35. a4 Rb8 36. a5 $36 {[%emt 0:00:41][%mdl 2048] White is really pushing.} Rxb3 37. a6 Qa7 38. Rb1 {[%emt 0:01:43] Really sharp!} (38. Qf6 $16) 38... Rxb1 39. Qxb1 {[%emt 0:00:01] aiming for Qb5.} Qxa6 {[%emt 0:00:04][%mdl 12288] Endgame KQR-KQR. Loses the game.} (39... Qa8 $11) 40. Qb8+ {[%emt 0:00:02] ?ev?.} Kg7 {[%emt 0:00:03] [#]} 41. Qc7 $1 ({Stronger than} 41. Qd8 Qb7 42. Qxd6 Rd2 43. Qf6+ (43. Qxc5 Qxd5+ 44. Qxd5 Rxd5 $11) 43... Kg8 44. Qd8+ Kh7 $11) 41... g5 42. Qxf7+ Kh8 43. Qf8+ Kh7 44. Rf7+ Kg6 45. Qg7# {[%emt 0:01:55] Weighted Error Value: White=0.10 (very precise) /Black=0.24 (precise)} 1-0

[Event "Rapid Shavuot-A 2023"]
[Site "Ramat Gan"]
[Date "2023.05.25"]
[Round "4.15"]
[White "Azoulay, Yehonatan"]
[Black "Yaniv, Ori"]
[Result "0-1"]
[ECO "B53"]
[WhiteElo "1813"]
[BlackElo "2156"]
[Annotator "TA"]
[PlyCount "70"]
[EventDate "2023.05.19"]
[EventType "swiss"]
[EventCountry "ISR"]
[SourceTitle "playchess.com"]
[Source "ChessBase"]
[SourceQuality "1"]
[TimeControl "900+5"]

1. e4 c5 2. Nf3 d6 3. d4 cxd4 4. Qxd4 Nc6 5. Bb5 Bd7 6. Bxc6 Bxc6 7. Nc3 h6 8. Qd3 {[%emt 0:00:52] B53: Sicilian: 2...d6: Lines with Qxd4.} Nf6 9. Nd4 e6 10. f4 {[%emt 0:00:20] The position is equal.} d5 11. e5 Nd7 {[%emt 0:00:20] [#]} 12. Be3 $146 ({Predecessor:} 12. O-O Bc5 13. Kh1 Qe7 14. Be3 O-O 15. Rae1 f6 16. exf6 Rxf6 17. Nxc6 bxc6 18. Bd4 Bxd4 19. Qxd4 {½-½ Farkas,R (2183)-Mester,A (2049) Budapest FS11 FM-A 2013 (6)}) 12... Bb4 13. Nxc6 bxc6 14. O-O O-O 15. a3 Bc5 16. Bxc5 Nxc5 17. Qd4 Qb6 18. Rad1 Nd7 19. Qxb6 axb6 20. Rfe1 Rfb8 21. g4 ({White should play} 21. Ne4 $15) 21... b5 $17 22. Ne2 (22. Na2 $17) 22... b4 $19 23. axb4 Rxb4 24. b3 Ra2 25. Rd4 Rxd4 26. Nxd4 {[%emt 0:00:00][%mdl 4096] Endgame KRN-KRN} c5 27. Nb5 Rxc2 {[%emt 0:00:06] White must now prevent ...c4.} 28. f5 (28. Ra1 $142) 28... d4 29. h4 d3 30. Na3 Rb2 31. g5 $2 {[%emt 0:00:11] [#]} (31. fxe6 fxe6 32. Nc4 Rxb3 33. Rc1) 31... Rxb3 {[%emt 0:00:18] Black is clearly winning.} 32. Nc4 Rc3 33. Ne3 Nxe5 {[%emt 0:00:06] ...d2 would be deadly.} 34. Kg2 d2 35. Re2 {[%emt 0:00:02] [#]} Rxe3 $1 {[%emt 0:00:02] Weighted Error Value: White=0.55/Black=0.05 (flawless)} 0-1

[Event "Rapid Shavuot-A 2023"]
[Site "Ramat Gan"]
[Date "2023.05.25"]
[Round "4.16"]
[White "Gurevich, Neria"]
[Black "Mordechai, Hanan"]
[Result "1/2-1/2"]
[ECO "D46"]
[WhiteElo "1804"]
[BlackElo "2366"]
[Annotator "TA"]
[PlyCount "128"]
[EventDate "2023.05.19"]
[EventType "swiss"]
[EventCountry "ISR"]
[SourceTitle "playchess.com"]
[Source "ChessBase"]
[SourceQuality "1"]
[TimeControl "900+5"]

1. d4 Nf6 2. c4 e6 3. Nf3 d5 4. Nc3 c6 5. e3 Nbd7 6. Bd3 dxc4 7. Bxc4 Bd6 8. O-O O-O {[%emt 0:00:02] 8...0-0 has become a bit dusty these days. D46: Semi-Slav: 5 e3 Nbd7 6 Bd3, Black avoids the Meran.} 9. Bd3 (9. e4 $5 e5 10. Be3 $11) 9... e5 10. Qc2 h6 11. Rd1 Qe7 12. h3 Re8 {[%emt 0:00:06] [#] aiming for ...e4.} 13. Nd2 $146 ({Predecessor:} 13. Be2 e4 14. Nd2 Nb6 15. Nf1 Bf5 16. f3 exf3 17. Qxf5 fxe2 18. Nxe2 {1-0 Fernandes,M (1939)-Couto,P (1613) Salvador op 2023}) 13... Bc7 14. b3 Nb6 15. Bb2 ({Better is} 15. dxe5 $1 $11 Qxe5 16. Nf1 (16. Nf3 Qh5 $11)) 15... exd4 $15 16. exd4 Qd6 {[%emt 0:00:16] ( -> ...Qh2+)} 17. Nf3 {[%emt 0:00:36] Repels Qh2+} Nbd5 18. Re1 Bd7 19. Ne5 Nb4 $36 {[%emt 0:00:10][%csl LRc2,LRd4][%mdl 2048] Black is pushing.} 20. Qd2 Nxd3 21. Qxd3 Be6 22. Ne2 (22. Re3 $15) 22... Nd5 $17 23. Ng3 Qd8 24. Qf3 Qf6 25. Ne4 Qxf3 26. Nxf3 Rad8 27. Re2 Nf4 28. Re3 Nd5 {[%emt 0:00:19][%cal Oe6f5] And now ...Bf5! would win.} 29. Re2 $1 Bf5 30. Rae1 Ba5 {[%emt 0:00:05] Repels Nc3. A strong pair of Bishops.} 31. Ned2 Rxe2 32. Rxe2 Bd3 33. Re1 f6 34. a3 Kf7 35. b4 Bb6 36. Ne4 a5 (36... Bxe4 $17 37. Rxe4 a5 38. bxa5 Bxa5) 37. Nc5 $15 Ba6 (37... Bxc5 {simplifies} 38. bxc5 a4 39. h4 b5) 38. Nxa6 bxa6 39. bxa5 Bxa5 40. Rc1 Rb8 41. Rc2 Rb3 42. Bc1 Rb1 43. Kh2 Bc3 44. Bd2 (44. Nd2 $11 Rb6 45. Nc4) 44... Rb3 $1 $17 45. Bxc3 Rxc3 {[%emt 0:00:26][%mdl 4096] Endgame KRN-KRN} ({Much weaker is} 45... Nxc3 $6 46. Nd2 Rxa3 47. Nc4 $11) 46. Ra2 a5 47. Nd2 Rd3 48. Nc4 {[%emt 0:00:00] [#]} a4 $1 ({Much worse is} 48... Rxd4 $6 49. Nxa5 Ra4 50. Nxc6 $11) 49. Na5 Rc3 ({Inferior is} 49... Rxd4 50. Nxc6 Rc4 51. Nd8+ Ke7 52. Nb7 $15) 50. Nb7 Ke7 ({Black should try} 50... Nc7 $17 51. f3 Ne6 52. Nd6+ Kg6) 51. Re2+ ({White should play} 51. Nc5 $15) 51... Kf8 52. Ra2 Rc4 53. Na5 Rc3 54. Nb7 $1 g5 55. Nc5 Rc4 56. Rb2 Kf7 57. Rb7+ Kg6 58. g4 {[%emt 0:00:00] Hoping for Nd7.} h5 $2 {[%emt 0:00:00][%mdl 8192] [#]} (58... Rxd4 $2 59. Ne6 $18) (58... f5 $11) 59. Ne6 $2 (59. Nd7 $1 $18 {[%cal Rd7f8] Nf8+ would kill now.} hxg4 60. hxg4) 59... f5 $2 (59... hxg4 $11 60. hxg4 f5) 60. Nf8+ $18 Kf6 61. Nd7+ $2 (61. gxh5 $18 Rxd4 62. Nh7+ {[%mdl 64] Deflection} Ke6 63. Nxg5+ Kf6 64. Nf3) 61... Ke6 $11 62. Nf8+ $2 (62. gxh5 $11 Nf4 63. h6) 62... Kf6 $18 63. Nd7+ $2 (63. gxh5 $18 Rxd4 64. Nh7+ {[%mdl 64] Deflection} Ke6 65. Nxg5+ Kf6 66. Nf3) 63... Ke6 $11 64. Nf8+ $2 (64. gxh5 $11 Nf4 65. h4) 64... Kf6 {[%emt 0:00:14] Never resign too early!   Weighted Error Value: White=0.23 (precise) /Black=0.30} 1/2-1/2